 Dungeon Crawl Stone Soup version 0.31-a0-771-g505c3d19dc (webtiles) character file.

Game seed: 1670327495241102759

80 Demosthentine the Poker (level 4, 34/34 HPs)
             Began as a Demonspawn Gladiator on Sept 16, 2023.
             Got out of the dungeon alive.
             The game lasted 00:01:36 (1551 turns).

Demosthentine the Poker (Demonspawn Gladiator)      Turns: 1551, Time: 00:01:37

Health: 34/34      AC:  4    Str: 16    XL:     4   Next: 18%
Magic:  4/4        EV: 12    Int:  9    God:
Gold:   128        SH:  0    Dex: 15    Spells: 3/3 levels left

rFire   . . .        a - +0 trident
rCold   . . .        (no shield)
rNeg    . . .        b - +0 leather armour
rPois   .            c - +0 helmet
rElec   .            (no cloak)
rCorr   .            (no gloves)
SInv    .            (no boots)
Will    .....        (no amulet)
Stlth   +            (no ring)
HPRegen 0.25/turn    (no ring)
MPRegen 0.09/turn

%: no passive effects
@: no status effects
A: claws 1, ignite blood 1
a: no special abilities


You escaped.
You visited 1 branch of the dungeon, and saw 2 of its levels.

You collected 128 gold pieces.

Inventory:

Hand Weapons
 a - a +0 trident (weapon)
Missiles
 d - 3 throwing nets (quivered)
 e - a javelin
Armour
 b - a +0 leather armour (worn)
 c - a +0 helmet (worn)
Jewellery
 g - an amulet of regeneration
Scrolls
 f - a scroll of identify {unknown}
Potions
 h - a potion of degeneration {unknown}


   Skills:
 + Level 2.8 Fighting
 + Level 3.2 Polearms
 - Level 1.7 Throwing
 + Level 1.5 Armour
 + Level 3.2 Dodging


You had 3 spell levels left.
You didn't know any spells.
Your spell library was empty.

Dungeon Overview and Level Annotations

Branches:
Dungeon (2/15)

Altars:


Innate Abilities, Weirdness & Mutations

You have sharp fingernails.
Your demonic aura sometimes causes spilled blood to erupt in flames.


Message History

Key pressed, stopping explore.
No target in view!
You open the door.
There is an open door here.
Natasha, Servant of Life and Death comes into view.
Natasha is nearby!
You reach to attack!
The helpless Natasha fails to defend herself.
You puncture Natasha!
Natasha is severely wounded.
Natasha casts a spell.
There are monsters nearby!
You hit Natasha.
Natasha is almost dead.
Natasha casts a spell at you.
You feel yourself slow down.
You miss Natasha.
Natasha is almost dead.
The cerulean imp barely misses you. Natasha closely misses you.
The cerulean imp misses you.
You closely miss Natasha.
Natasha is almost dead.
Natasha closely misses you.
The cerulean imp hits you from afar with a +2 spear.
Natasha barely misses you.
You hit Natasha.
You kill Natasha!
Natasha screams in pain as she dies!
The cerulean imp disappears in a puff of smoke!
You have reached level 4!
You feel agile.
Your demonic ancestry asserts itself...
Your fingernails lengthen.
No target in view!
What level of the Dungeon? (default 2, ? - help)
You feel yourself speed up.
There is a stone staircase leading up here.
You climb upwards.
There is a stone staircase leading down here.
There is a staircase leading out of the dungeon here.
You have escaped!

#.# #............# #.#
#.###.###........# #.#
#.#...#####....#.# #.#
#.#.##...#####.#.####.####
#.#.##.....###............
#.#.##........########....
#.###.........### #####
#.###...♣.....###
#.##.....@...####
#.##.........###
#.##...[....##.#
#...###.....##.#
###.#####...##.#
#....#####...#
##########.#.# ##.#...#
#.###.#


There were no monsters in sight!

Vanquished Creatures
  Natasha (D:2)
  3 gnolls (D:2)
  A worm (D:2)
  4 ball pythons
  2 endoplasms
  A giant cockroach (D:2)
  2 goblins
  A hobgoblin (D:1)
  A kobold (D:2)
  A quokka (D:1)
  2 bats (D:2)
  3 frilled lizards
  4 rats
26 creatures vanquished.

Notes
Turn   | Place    | Note
-------+----------+-------------------------------------------
     0 | D:1      | Demosthentine the Demonspawn Gladiator began the quest for
                  | the Orb.
     0 | D:1      | Reached XP level 1. HP: 16/16 MP: 1/1
   400 | D:1      | Gained mutation: Your demonic aura sometimes causes spilled
                  | blood to erupt in flames. [demonic ancestry]
   400 | D:1      | Reached XP level 2. HP: 17/22 MP: 2/2
  1012 | D:2      | Reached skill level 1 in Armour
  1030 | D:2      | Reached XP level 3. HP: 13/28 MP: 3/3
  1477 | D:2      | Noticed Natasha
  1482 | D:2      | Killed Natasha
  1483 | D:2      | Gained mutation: You have sharp fingernails. [demonic
                  | ancestry]
  1483 | D:2      | Reached XP level 4. HP: 33/34 MP: 4/4
  1551 | D:$      | Got out of the dungeon alive.

Illustrated notes

Levels and vault maps discovered:
D:1:      spicycebolla_green_bress_n_ham, layout_loops_ring
D:2:      layout_loops_corners, uniq_natasha, uniq_crazy_yiuf_cottage

Skill      XL: |  1  2 |
---------------+-------+-----
Polearms       | 3 |  3.2
Armour         | 1 |  1.5
Dodging        | 3 |  3.2
Fighting       | |  2.8
Throwing       | |  1.7

Action                     |  1- 3 |  4- 6 || total
---------------------------+-------+-------++-------
  Melee: Trident           |    65 |       ||    65
         Punch             |     2 |       ||     2
    Use: Scroll            |     2 |       ||     2
   Stab: Sleeping          |     3 |       ||     3
 Armour: Leather armour    |    21 |       ||    21
  Dodge: Dodged            |    32 |       ||    32

Table legend: (Time is in decaauts)
 A = Elapsed time spent in this place.
 B = Non-inter-level travel time spent in this place.
 C = Inter-level travel time spent in this place.
 D = Time resting spent in this place.
 E = Time spent auto-exploring this place.
 F = Levels seen in this place.
 G = Mean time per level.
                   A        B        C        D        E       F      G
               +--------+--------+--------+--------+--------+-----+--------+
         Total |   1569 |   1517 |     52 |     29 |   1261 |   2 |  784.5 |
       Dungeon |   1569 |   1517 |     52 |     29 |   1261 |   2 |  784.5 |
               +--------+--------+--------+--------+--------+-----+--------+

Top non-repeatable levels by time:
     D:2: 902 daAuts
     D:1: 666 daAuts
